Map: Ulrena

Players

zidar

  • Race: Zerg Zerg
  • League: Silver
  • Spawn Location: 11:00

Lhyanne - Winner!

  • Race: Protoss Protoss
  • League: Silver
  • Spawn Location: 7:00

VOD

Have the link to the VOD?

Description

Time

  • Played on: Jan. 17, 2016, 9:12 a.m.
  • Length: 7:10
Show
View Real Time Build Order
Export as new Build Order

zidar Zerg 

Build Orders: Pool First 

Get SALT Encoding   

  12  0:01  Drone  
  13  0:12  Overlord  
  13  0:17  Drone  
  14  0:30  Drone x2  
  14  0:34  Drone  
  17  0:47  Spawning Pool  
  17  0:49  Drone  
  17  1:14  Hatchery  
  17  1:15  Drone  
  17  1:20  Extractor  
  17  1:21  Drone  
  18  1:37  Queen  
  20  1:41  Overlord  
  20  2:01  Hatchery  
  19  2:03  Drone  
  20  2:17  Queen  
  22  2:30  Drone x4  
  26  2:41  Queen  
  28  2:51  Extractor  
  27  2:53  Drone x3  
  30  3:00  Queen  
  30  3:04  Overlord  
  32  3:29  Zergling x16  
  40  3:35  Roach Warren  
  40  3:38  Extractor  
  38  3:56  Drone  
  38  3:57  Drone x7  
  45  4:43  Lair  
  45  4:52  Zergling x10  
  32  5:37  Roach  
  32  5:38  Roach x4  
  33  5:57  Roach  
  33  5:58  Roach x3  
  33  6:12  Roach  
  33  6:13  Roach  
  30  6:26  Roach  
  30  6:27  Roach x2  
  28  6:45  Zergling x2  
  28  6:46  Zergling x10  
Show
View Real Time Build Order
Export as new Build Order

Lhyanne Protoss - Winner!

Build Orders:  

Get SALT Encoding   

  12  0:02  Probe (Chrono Boost)  
  13  0:13  Probe (Chrono Boost)  
  14  0:20  Pylon  
  14  0:26  Probe (Chrono Boost)  
  15  0:42  Probe (Chrono Boost)  
  16  0:52  Gateway, Probe (Chrono Boost)  
  16  0:56  Assimilator  
  17  1:00  Assimilator  
  17  1:28  Pylon  
  17  1:29  Probe (Chrono Boost)  
  18  1:44  Gateway  
  18  1:47  Cybernetics Core  
  18  1:56  Pylon  
  18  2:01  Probe (Chrono Boost)  
  19  2:10  Gateway  
  19  2:13  Probe (Chrono Boost)  
  20  2:22  Zealot  
  22  2:25  Warp Gate (Chrono Boost)  
  22  2:32  Mothership Core  
  22  2:34  Adept  
  26  2:49  Adept  
  28  2:53  Probe  
  28  2:54  Gateway  
  29  3:06  Probe  
  29  3:10  Adept x2  
  34  3:16  Pylon  
  34  3:18  Probe  
  35  3:24  Gateway  
  35  3:31  Adept  
  37  3:44  Stalker  
  39  3:54  Stalker  
  43  3:55  Adept  
  43  3:58  Sentry  
  45  4:31  Forge  
  44  5:08  Stalker  
  46  5:56  Pylon  
  46  6:00  Pylon  
  46  6:02  Pylon  
  38  6:20  Stalker  
  38  6:21  Stalker x4  
  46  6:46  Stalker  
  46  6:47  Stalker x4  
Tags
 
Matchup
PvZ
Opening
Pool First
Spawn Locations
Close Positions
Add a new tag
Caveats
  • Supply blocks, unpowered buildings, or Contaminate may cause inaccurate times.
  • Supply counts are checked every 10 seconds.